 Dungeon Crawl Stone Soup version 0.28-a0-1429-gf3d713df7a (webtiles) character file.

Game seed: 11602484042928892823

23 HallandMoats the Skirmisher (level 2, 24/24 HPs)
             Began as a Demonspawn Fighter on Jan 9, 2022.
             Was a Follower of Dithmenos.
             Got out of the dungeon alive.
             The game lasted 00:00:36 (969 turns).

HallandMoats the Skirmisher (Demonspawn Fighter)     Turns: 969, Time: 00:00:37

Health: 24/24      AC:  6    Str: 16    XL:     2   Next: 75%
Magic:  2/2        EV:  9    Int:  9    God:    Dithmenos [*.....]
Gold:   52         SH:  4    Dex: 12    Spells: 1/1 levels left

rFire   . . .      SeeInvis .   a - +0 war axe
rCold   . . .      Faith    .   c - +0 buckler
rNeg    . . .      Spirit   .   b - +0 scale mail
rPois   .          Reflect  .   (no helmet)
rElec   .          Harm     .   (no cloak)
rCorr   .          Rampage  .   (no gloves)
Will    .....                   (no boots)
Stlth   ..........              (no amulet)
HPRegen 0.08/turn               (no ring)
MPRegen 0.08/turn               (no ring)

@: wreathed by umbra
A: sanguine armour 1
a: Renounce Religion


You escaped.
You worshipped Dithmenos.
Dithmenos was aware of your devotion.
You visited 1 branch of the dungeon, and saw 1 of its levels.

You collected 52 gold pieces.

Inventory:

Hand Weapons
 a - a +0 war axe (weapon)
Armour
 b - a +0 scale mail (worn)
 c - a +0 buckler (worn)
Scrolls
 e - a scroll of enchant weapon {unknown}
Potions
 d - a potion of might


   Skills:
 + Level 3.1 Fighting
 + Level 2.0 Axes
 + Level 2.8 Armour
 + Level 0.3 Dodging
 * Level 3.0 Shields
 * Level 1.1 Invocations


You had one spell level left.
You didn't know any spells.
Your spell library contained the following spells:

 Spells                   Type           Power      Damage    Failure   Level
 Sublimation of Blood     Necr           0%         N/A       96%         2
 Wereblood                Tmut           0%         N/A       96%         2
 Summon Hydra             Summ           0%         N/A       100%        7


Dungeon Overview and Level Annotations

Branches:
Dungeon (1/15)

Altars:
Dithmenos


Innate Abilities, Weirdness & Mutations

When seriously injured, your blood forms armour. (AC +0)


Message History

A bat comes into view.
Found two gnoll skeletons.
The bat barely misses you.
There is an open door here.
The bat barely misses you. The bat hits you but does no damage.
A bat is nearby!
The bat hits you but does no damage. x2; The bat completely misses you.
A bat is nearby!
You hit the bat.
You kill the bat!
You open the door.
Found a faded altar of an unknown god.
No target in view!
There is an open door here.
There is an open door here.
There is an open door here.
Done exploring.
No target in view!
Done exploring.
No target in view!
Done exploring.
No target in view!
Done exploring.
No target in view!
Done exploring.
No target in view!
Done exploring.
Search for what [? for help]? altar
There is an open door here.
There is an open door here.
There is a faded altar of an unknown god here.
You cannot tell which god this altar belongs to.
Convert to them anyway?
Dithmenos accepts your prayer! Dithmenos welcomes you!
You are shrouded in an aura of darkness!
There is an open door here.
There is an open door here.
There is an empty arch of ancient stone here.
There is a staircase leading out of the dungeon here.
Are you sure you want to leave the Dungeon?
This will make you lose the game!
You have escaped!

#♣..................####...#....#
#.................♣.#......#....#
##..................#....#.#.#..#
##......8.....♣.....######.#>....
.#∩#................♣#.....###..#
..###♣..............♣#.###.......
### #..............##.#.........
# #.............≈##.#.#.#....#
######♣..♣......@.####.#.#.#....#
.....#...........##......#....#+#
####.##.♣....♣..###..#####.##....
# #.###############'####........
# #.##.................#........
# #.##.#########.......#........
# #.##.# #.......#........ #
#.##.# #.......#.....#.. # #.##.#
#.......#.....#.#


There were no monsters in sight!

Vanquished Creatures
  2 dart slugs (D:1)
  2 ball pythons (D:1)
  2 bats (D:1)
  3 endoplasms (D:1)
  2 hobgoblins (D:1)
  A quokka (D:1)
  4 frilled lizards (D:1)
  3 rats (D:1)
19 creatures vanquished.

Notes
Turn   | Place    | Note
-------+----------+-------------------------------------------
     0 | D:1      | HallandMoats the Demonspawn Fighter began the quest for the
                  | Orb.
     0 | D:1      | Reached XP level 1. HP: 18/18 MP: 1/1
   128 | D:1      | Gained mutation: When seriously injured, your blood forms
                  | armour. (AC +0) [demonic ancestry]
   128 | D:1      | Reached XP level 2. HP: 23/24 MP: 2/2
   298 | D:1      | Reached skill level 1 in Invocations
   838 | D:1      | Found a faded altar of an unknown god.
   913 | D:1      | Prayed at the altar of an unknown god.
   913 | D:1      | Became a worshipper of Dithmenos the Shadowed
   913 | D:1      | Reached * piety under Dithmenos
   969 | D:$      | Got out of the dungeon alive.

Illustrated notes

Levels and vault maps discovered:
D:1:      nzn_arrival_settlement, layout_basic,
          dilly_ecumenical_altar_fadedgnrine

Skill      XL: |  1  2 |
---------------+-------+-----
Invocations    | 1 |  1.1
Shields        | 3 |  3.0
Axes           | 2 |  2.0
Fighting       | |  3.1
Armour         | |  2.8
Dodging        | |  0.3

Action                   || total
-------------------------++-------
Melee: War axe           ||    37
Armor: Scale mail        ||    19
Dodge: Dodged            ||    18
Block: Buckler           ||     3

Table legend: (Time is in decaauts)
 A = Elapsed time spent in this place.
 B = Non-inter-level travel time spent in this place.
 C = Inter-level travel time spent in this place.
 D = Time resting spent in this place.
 E = Time spent auto-exploring this place.
 F = Levels seen in this place.
 G = Mean time per level.
                   A        B        C        D        E       F      G
               +--------+--------+--------+--------+--------+-----+--------+
         Total |    985 |    893 |     92 |      0 |    785 |   1 |  985.0 |
       Dungeon |    985 |    893 |     92 |      0 |    785 |   1 |  985.0 |
               +--------+--------+--------+--------+--------+-----+--------+

Top non-repeatable levels by time:
     D:1: 985 daAuts
